 Dungeon Crawl Stone Soup version 0.21.1-1-g345015fe64 (webtiles) character file.

41535 tim133133 the Severer (level 13, -1/123 HPs)
             Began as a Deep Dwarf Fighter on June 16, 2018.
             Was the Champion of Makhleb.
             Killed from afar by a deep elf mage (29 damage)
             ... with a bolt of lightning
             ... on level 14 of the Dungeon.
             The game lasted 01:26:40 (12456 turns).

tim133133 the Severer (Deep Dwarf Fighter)         Turns: 12456, Time: 01:26:41

Health: -1/123     AC: 20    Str: 25    XL:     13   Next: 80%
Magic:  5/5        EV: 15    Int: 12    God:    Makhleb [******]
Gold:   798        SH: 14    Dex: 19    Spells: 12/12 levels left

rFire    . . .     SeeInvis +   z - +3 hand axe (chop)
rCold    + . .     Gourm    .   M - +0 shield {AC+3}
rNeg     . . .     Faith    +   H - +0 ring mail of Apiffoz {*Slow Int+3 Dex+4}
rPois    .         Spirit   .   N - +0 helmet
rElec    .         Reflect  .   (no cloak)
rCorr    .         Harm     .   x - +1 pair of gloves
MR       ++...     NoTele   +   (no boots)
Stlth    +++.......             G - amulet of faith
HPRegen  0.00/turn              K - ring "Puwnuaby" {-Tele rC+ MR+ AC+6 Str+3}
MPRegen  0.09/turn              m - ring of see invisible

@: non-regenerating
A: damage resistance, heal wounds, sense surroundings 2, no regeneration
a: Heal Wounds, Minor Destruction, Lesser Servant of Makhleb, Major Destruction,
Greater Servant of Makhleb, Renounce Religion


You were on level 14 of the Dungeon.
You worshipped Makhleb.
Makhleb was exalted by your worship.
You were not hungry.

You visited 2 branches of the dungeon, and saw 15 of its levels.
You visited the Abyss 1 time.

You collected 798 gold pieces.

Inventory:

Hand Weapons
 b - a +0 mace of crushing
 z - a +3 hand axe of chopping (weapon)
Missiles
 A - 4 tomahawks of returning (quivered)
Armour
 x - a +1 pair of gloves (worn)
 H - the +0 ring mail of Apiffoz (worn) {*Slow Int+3 Dex+4}
   (You took it off an orc on level 9 of the Dungeon)

   It affects your intelligence (+3).
   It affects your dexterity (+4).
   It may slow you when you take damage.
 L - a +1 plate armour of fire resistance
 M - a +0 shield of protection (worn)
 N - a +0 helmet (worn)
Jewellery
 m - a ring of see invisible (right hand)
 q - an uncursed ring of positive energy
 G - an amulet of faith (around neck)
 K - the ring "Puwnuaby" (left hand) {-Tele rC+ MR+ AC+6 Str+3}
   (You acquired it on level 12 of the Dungeon)

   [ring of protection]

   It affects your AC (+6).
   It affects your strength (+3).
   It protects you from cold.
   It affects your resistance to hostile enchantments.
   It prevents most forms of teleportation.
Wands
 a - a wand of iceblast (18)
 h - a wand of disintegration (5)
 l - a wand of enslavement (4)
 u - a wand of polymorph (38)
 y - a wand of clouds (4)
Scrolls
 c - 2 scrolls of identify
 i - 5 scrolls of remove curse
 p - 4 scrolls of amnesia
 s - a scroll of blinking
 B - 2 scrolls of teleportation
 E - a scroll of fog
 I - 2 scrolls of enchant weapon
 O - a scroll of torment {unknown}
Potions
 d - 2 potions of might
 e - 2 potions of brilliance
 g - a potion of heal wounds
 j - 3 potions of haste
 k - 3 potions of agility
 n - 5 potions of curing
 t - a potion of resistance
 C - a potion of cancellation
 F - 2 potions of flight
 J - a potion of berserk rage
Books
 r - a book of Maledictions

   Spells                             Type                      Level
   a - Corona                         Hexes                        1
   b - Ensorcelled Hibernation        Hexes/Ice                    2
   c - Confuse                        Hexes                        3
   d - Tukima's Dance                 Hexes                        3
   e - Dazzling Spray                 Conjuration/Hexes            3
 v - a book of Death

   Spells                             Type                      Level
   a - Corpse Rot                     Necromancy                   2
   b - Sublimation of Blood           Necromancy                   2
   c - Agony                          Necromancy                   5
   d - Dispel Undead                  Necromancy                   5
   e - Excruciating Wounds            Charms/Necromancy            5
   f - Bolt of Draining               Conjuration/Necromancy       5
 w - a book of Flames

   Spells                             Type                      Level
   a - Flame Tongue                   Conjuration/Fire             1
   b - Throw Flame                    Conjuration/Fire             2
   c - Conjure Flame                  Conjuration/Fire             3
   d - Inner Flame                    Hexes/Fire                   3
   e - Sticky Flame                   Conjuration/Fire             4
   f - Fireball                       Conjuration/Fire             5
 D - a book of Debilitation

   Spells                             Type                      Level
   a - Corona                         Hexes                        1
   b - Slow                           Hexes                        2
   c - Inner Flame                    Hexes/Fire                   3
   d - Portal Projectile              Hexes/Translocation          3
   e - Cause Fear                     Hexes                        4
   f - Leda's Liquefaction            Hexes/Earth                  4
Comestibles
 f - 31 rations
 o - 16 chunks of flesh


   Skills:
 + Level 9.9 Fighting
 * Level 15.2 Axes
 + Level 11.5 Armour
 + Level 5.7 Dodging
 - Level 5.0 Stealth
 + Level 11.6 Shields
 + Level 6.8 Invocations


You had 12 spell levels left.
You didn't know any spells.

Dungeon Overview and Level Annotations

Branches:
Dungeon (14/15) Temple (1/1) D:4 Lair (0/6) D:11 Orc (0/2) D:10 Vaults (0/5) D:13 D:14

Altars:
Ashenzari
Cheibriados
Dithmenos
Elyvilon
Fedhas
Gozag
Hepliaklqana
Kikubaaqudgha
Makhleb
Nemelex Xobeh
Okawaru
Qazlal
Ru
Sif Muna
Trog
Uskayaw
Vehumet
Wu Jian
Xom
Yredelemnul
Zin
The Shining One

Shops:
D:3 *

Annotations:
D:3 strelocc's ghost, amateur OpFE
D:6 Prince Ribbit


Innate Abilities, Weirdness & Mutations

You are resistant to damage.
You can heal yourself by infusing magical energy.
You passively map the area around you.
You do not regenerate.


Message History

You barely miss the deep elf mage.
The deep elf mage is severely wounded.
You closely miss the deep elf mage.
The deep elf mage is severely wounded.
The deep elf mage mumbles some strange words.
The deep elf mage blinks!
The deep elf mage hits you but does no damage.
You block the deep elf mage's attack.
You hit the deep elf mage.
The deep elf mage is almost dead.
You hit the deep elf mage but do no damage.
The deep elf mage is almost dead.
The deep elf mage hits you but does no damage.
You hit the deep elf mage but do no damage.
The deep elf mage is almost dead.
You hit the deep elf mage.
The deep elf mage is almost dead.
The deep elf mage gestures at you while chanting.
The bolt of lightning hits you!
You die...

#........# #.........*
* #........#
#......... **
#........# #.........
, , #........#
#....$....* *
#........###.........
,
#........'.#.........*
#...[....#%).........
*
#.[......###e....[...
* * #........#
#.@....... ##########
####.##### .# ** # , *
* + * , , , ,* * , +


You could see a deep elf mage.

Vanquished Creatures
  Rupert (D:13)
  Kirke (D:12)
  The ghost of P0WERM0DE the Cleaver, a journeyman FoFi of the Shining One (D:14)
  3 centaur warriors
  10 two-headed ogres
  A tengu warrior (D:13)
  Sonja (D:13)
  4 unseen horrors (D:13)
  An orc knight (D:13)
  Pikel (D:5)
  A wizard (D:14)
  2 deep elf magi (D:13)
  6 ugly things
  The ghost of Kohma the Jinx, a novice VSEn of Uskayaw (D:7)
  A centaur skeleton (D:12)
  A gargoyle (D:11)
  A tengu conjurer (D:13)
  A hornet (D:12)
  4 trolls
  4 hippogriffs
  Grinder (D:5)
  A vampire (D:13)
  A wraith (D:13)
  2 wyverns
  2 hungry ghosts
  24 yaks
  A shadow (D:13)
  6 hogs (D:12)
  16 humans (D:13)
  A basilisk (D:13)
  An acid dragon (D:13)
  4 porcupines
  2 water moccasins
  7 sky beasts
  7 ice beasts
  4 orc warriors
  4 black bears
  An eye of draining (D:11)
  3 phantoms
  5 ogres
  6 necrophages
  20 centaurs
  A crocodile (D:11)
  Blork the orc (D:5)
  A big kobold (D:8)
  8 bullfrogs
  A wyvern zombie (D:10)
  A gnoll sergeant (D:6)
  A wyvern skeleton (D:8)
  6 scorpions
  12 killer bees (D:10)
  10 howler monkeys
  6 crimson imps
  3 centaur zombies
  3 lava snakes (D:10)
  3 bullfrog zombies
  8 hounds
  10 orc priests
  8 jellies
  19 orc wizards
  3 bullfrog skeletons
  8 worker ants
  5 iguanas
  A hound skeleton (D:8)
  A howler monkey zombie (D:5)
  A worker ant zombie (D:8)
  14 gnolls
  A howler monkey skeleton (D:5)
  11 adders
  4 shadow imps
  6 oozes
  An adder skeleton (D:6)
  7 worms
  2 dart slugs (D:1)
  5 leopard geckos
  44 orcs
  6 bats
  7 giant cockroaches
  9 goblins
  6 hobgoblins
  16 kobolds
  2 quokkas
  2 ball pythons
  A ball python skeleton (D:5)
  5 frilled lizards
  A jackal zombie (D:6)
  A quokka skeleton (D:7)
  8 rats
  A fungus (D:11)
446 creatures vanquished.

Vanquished Creatures (others)
  A centaur warrior (D:13)
  A slave (D:5)
  A hound (D:14)
  An orc (D:5)
  A quokka (D:5)
  6 fungi (D:11)
11 creatures vanquished.

Grand Total: 457 creatures vanquished

Notes
Turn   | Place    | Note
-------+----------+-------------------------------------------
     0 | D:1      | tim133133 the Deep Dwarf Fighter began the quest for the Orb.
     0 | D:1      | Reached XP level 1. HP: 20/20 MP: 1/1
    54 | D:1      | Reached XP level 2. HP: 25/27 MP: 2/2
   364 | D:1      | Reached skill level 3 in Axes
   447 | D:2      | Reached XP level 3. HP: 20/33 MP: 3/3
   491 | D:2      | Found a shimmering altar of Xom.
   493 | D:2      | Found a glowing silver altar of Zin.
   493 | D:2      | Found a blossoming altar of Fedhas.
   494 | D:2      | Found a shattered altar of Ashenzari.
   504 | D:2      | Reached XP level 4. HP: 36/42 MP: 4/4
   606 | D:2      | Found a radiant altar of Vehumet.
   720 | D:2      | Found a snail-covered altar of Cheibriados.
   725 | D:3      | Noticed strelocc's ghost (amateur OpFE)
  1147 | D:2      | Reached skill level 4 in Axes
  1311 | D:3      | Found an opulent altar of Gozag.
  1311 | D:3      | Found Gozag's Platinum Reserve.
  1323 | D:3      | Reached XP level 5. HP: 26/49 MP: 5/5
  1639 | D:3      | Reached XP level 6. HP: 41/56 MP: 4/4
  1710 | D:4      | Found a staircase to the Ecumenical Temple.
  1723 | D:3      | Found a faded altar of an unknown god.
  2023 | D:4      | Reached skill level 5 in Axes
  2310 | D:4      | Reached XP level 7. HP: 46/64 MP: 4/4
  2371 | D:4      | Reached skill level 5 in Armour
  2421 | D:4      | Reached skill level 5 in Shields
  2468 | D:4      | Found a sparkling altar of Nemelex Xobeh.
  2469 | D:4      | Found an opulent altar of Gozag.
  2502 | Temple   | Entered the Ecumenical Temple
  2588 | Temple   | Became a worshipper of Makhleb the Destroyer
  2907 | D:4      | Found a basalt altar of Yredelemnul.
  2907 | D:4      | Found a glowing golden altar of the Shining One.
  2942 | D:4      | Noticed an angel
  2954 | D:4      | Noticed a profane servitor
  2992 | D:5      | Entered Level 5 of the Dungeon
  3066 | D:5      | Reached skill level 6 in Axes
  3081 | D:5      | Noticed Grinder
  3083 | D:5      | Found a white marble altar of Elyvilon.
  3174 | D:5      | Noticed Pikel
  3198 | D:5      | Killed Pikel
  3198 | D:5      | Reached skill level 7 in Axes
  3198 | D:5      | Reached XP level 8. HP: 21/73 MP: 5/5
  3274 | D:5      | Reached * piety under Makhleb
  3495 | D:5      | Killed Grinder
  3532 | D:5      | Reached skill level 5 in Fighting
  3538 | D:5      | Noticed Blork the orc
  3547 | D:5      | Killed Blork the orc
  3668 | D:5      | Reached skill level 8 in Axes
  4145 | D:6      | Noticed Prince Ribbit
  4223 | D:6      | Found a shadowy altar of Dithmenos.
  4277 | D:6      | Gained mutation: You passively map the area around you. [Deep Dwarf growth]
  4277 | D:6      | Reached XP level 9. HP: 17/81 MP: 6/6
  4743 | D:6      | Reached ** piety under Makhleb
  4883 | D:7      | Reached skill level 9 in Axes
  5099 | D:7      | Noticed Kohma's ghost (novice VSEn)
  5475 | D:7      | Got a translucent war axe
  5476 | D:7      | Identified the +3 war axe "Poakk" {drain, Fragile rN++ Dex+4} (You found it on level 7 of the Dungeon)
  5736 | D:7      | Killed Kohma's ghost
  5736 | D:7      | Reached skill level 10 in Axes
  5776 | D:7      | Reached XP level 10. HP: 68/92 MP: 5/5
  5966 | D:8      | Found a hazy altar of Hepliaklqana.
  6070 | D:8      | Noticed a two-headed ogre
  6122 | D:8      | Killed a two-headed ogre
  6138 | D:8      | Noticed a two-headed ogre
  6143 | D:8      | Killed a two-headed ogre
  6176 | D:8      | Noticed a two-headed ogre
  6187 | D:8      | Noticed a two-headed ogre
  6193 | D:8      | Killed a two-headed ogre
  6193 | D:8      | Reached skill level 11 in Axes
  6204 | D:8      | Killed a two-headed ogre
  6274 | D:8      | Reached *** piety under Makhleb
  6429 | D:8      | Found an ancient bone altar of Kikubaaqudgha.
  7091 | D:9      | Reached XP level 11. HP: 75/100 MP: 6/6
  7199 | D:9      | Noticed a two-headed ogre
  7222 | D:9      | Killed a two-headed ogre
  7222 | D:9      | Reached skill level 12 in Axes
  7265 | D:9      | Noticed a two-headed ogre
  7273 | D:9      | Killed a two-headed ogre
  7440 | D:9      | Reached **** piety under Makhleb
  7441 | D:9      | Noticed a two-headed ogre
  7452 | D:9      | Killed a two-headed ogre
  7949 | D:9      | Got a ruby-studded ring mail
  7960 | D:9      | Identified the cursed +0 ring mail of Apiffoz {*Slow Int+3 Dex+4} (You took it off an orc on level 9 of the Dungeon)
  7984 | D:10     | Entered Level 10 of the Dungeon
  8015 | D:10     | Found a staircase to the Orcish Mines.
  8179 | D:10     | Noticed a six-headed hydra
  8339 | D:9      | HP: 2/103 [six-headed hydra (8)]
  8529 | D:10     | Reached ***** piety under Makhleb
  8648 | D:10     | Reached skill level 13 in Axes
  8652 | D:10     | Reached skill level 10 in Armour
  8661 | D:10     | Reached skill level 10 in Shields
  9242 | D:11     | Noticed a two-headed ogre
  9263 | D:11     | Killed a two-headed ogre
  9263 | D:11     | Reached skill level 1 in Stealth
  9263 | D:11     | Reached skill level 1 in Invocations
  9263 | D:11     | Reached XP level 12. HP: 55/111 MP: 3/3
  9303 | D:11     | Reached skill level 1 in Dodging
  9328 | D:11     | Noticed a two-headed ogre
  9361 | D:10     | Killed a two-headed ogre
  9434 | D:11     | Found a staircase to the Lair.
  9919 | D:12     | Noticed Kirke
  9935 | D:12     | Noticed a sphinx
 10005 | D:12     | Killed Kirke
 10005 | D:12     | Reached skill level 14 in Axes
 10311 | D:12     | Identified a scroll of acquirement
 10312 | D:12     | Got a flickering glass ring
 10314 | D:12     | Identified the ring "Puwnuaby" {-Tele rC+ MR+ AC+6 Str+3} (You acquired it on level 12 of the Dungeon)
 10479 | D:13     | Noticed Sonja
 10514 | D:13     | Noticed a two-headed ogre
 10542 | D:13     | Killed a two-headed ogre
 10548 | D:13     | Cast into level 1 of the Abyss (Sonja)
 10601 | D:13     | Escaped the Abyss
 10609 | D:13     | Killed Sonja
 10663 | D:13     | Noticed a tengu warrior
 10717 | D:13     | Killed a tengu warrior
 10717 | D:13     | Reached XP level 13. HP: 110/121 MP: 7/7
 10729 | D:13     | Reached ****** piety under Makhleb
 10729 | D:13     | Reached skill level 5 in Stealth
 10812 | D:13     | Reached skill level 5 in Invocations
 11774 | D:14     | Found a gate to the Vaults.
 11774 | D:14     | Noticed Rupert
 11901 | D:13     | Reached skill level 5 in Dodging
 11915 | D:13     | Killed Rupert
 11968 | D:14     | Reached skill level 15 in Axes
 12003 | D:14     | Noticed P0WERM0DE's ghost (journeyman FoFi)
 12031 | D:14     | Killed P0WERM0DE's ghost
 12456 | D:14     | Killed from afar by a deep elf mage

Skill      XL: |  1  2  3  4  5  6  7  8  9 10 11 12 13 |
---------------+----------------------------------------+-----
Axes           | 3 4 5 7 8 10 11 13 14 15 | 15.2
Fighting       | 3 4 5 6 7 8 9 |  9.9
Armour         | 4 5 6 7 9 10 11 | 11.5
Shields        | 4 5 6 7 9 10 11 | 11.6
Stealth        | 1 4 5 |  5.0
Invocations    | 1 4 6 |  6.8
Dodging        | 3 5 |  5.7

Action                   |  1- 3 |  4- 6 |  7- 9 | 10-12 | 13-15 || total
-------------------------+-------+-------+-------+-------+-------++-------
Melee: War axe           |    75 |   230 |   104 |   340 |       ||   749
       Hand axe          |       |       |   305 |   551 |   382 ||  1238
       Mace              |       |       |       |     7 |       ||     7
       Unarmed           |       |       |       |     8 |       ||     8
Throw: Tomahawk          |       |       |     1 |       |       ||     1
Invok: Lesser Servant of |       |       |       |     1 |       ||     1
 Abil: Heal Wounds       |     1 |    12 |     9 |    14 |     6 ||    42
Evoke: Wand              |       |       |       |     8 |       ||     8
  Use: Scroll            |       |       |    11 |    14 |     4 ||    29
       Potion            |       |       |       |     4 |     3 ||     7
 Stab: Sleeping          |       |       |       |     2 |       ||     2
       Distracted        |       |       |       |     1 |     1 ||     2
  Eat: Chunk             |       |     5 |     7 |    17 |     6 ||    35
       Ration            |       |       |     3 |       |       ||     3
Armor: Scale mail        |    27 |   108 |   127 |    72 |       ||   334
       Ring mail         |       |       |       |   200 |   101 ||   301
Dodge: Dodged            |    19 |    68 |    86 |   264 |   107 ||   544
Block: Shield            |    34 |   136 |   192 |   540 |   168 ||  1070
